 Dungeon Crawl Stone Soup version 0.30-a0-728-gc68057be0a (webtiles) character file.

Game seed: 8639328741874529938

295 Crownlay the Chiller (level 6, 0/44 HPs)
             Began as a Gnoll Ice Elementalist on Jan 31, 2023.
             Slain by a kobold brigand
             ... wielding a +0 short sword
              (5 damage)
             ... in a sewer.
             The game lasted 00:05:29 (2267 turns).

Crownlay the Chiller (Gnoll Ice Elementalist)       Turns: 2267, Time: 00:05:30

Health: 0/44       AC:  2    Str:  7    XL:     6   Next: 34%
Magic:  9/14       EV: 13    Int: 16    God:
Gold:   57         SH:  0    Dex: 13    Spells: 8/15 levels left

rFire   . . .      SeeInvis .    d - +0 short sword
rCold   . . .      Faith    .    (no shield)
rNeg    . . .      Spirit   .    a - +0 robe
rPois   .          Reflect  .    (no helmet)
rElec   .          Harm     .    (no cloak)
rCorr   .          Rampage  .    (no gloves)
Will    .....                    (no boots)
Stlth   +++                      (no amulet)
HPRegen 0.27/turn                (no ring)
MPRegen 0.14/turn                (no ring)

@: freezing walls, slowed, very slow
A: fangs 1, strong nose, distributed training
a: no special abilities


You were in a sewer.
You visited 1 branch of the dungeon, and saw 3 of its levels.
You also visited: Sewer.

You collected 57 gold pieces.

Inventory:

Hand Weapons
 d - a +0 short sword (weapon)
Armour
 a - a +0 robe (worn)
 p - a +1 pair of gloves
Jewellery
 n - a ring of protection from cold
Scrolls
 c - a scroll of immolation {unknown}
 e - a scroll of enchant armour {unknown}
 g - a scroll of identify {unknown}
 i - a scroll of blinking {unknown}
 o - 2 scrolls of magic mapping {unknown}
Potions
 b - a potion of attraction {unknown}
 f - a potion of resistance {unknown}
 h - a potion of haste {unknown}
 j - a potion of berserk rage {unknown}
 k - a potion of flight {unknown}
 l - 2 potions of might {unknown}
 m - 2 potions of curing {unknown}


   Skills:
 + Level 2.0 Fighting
 + Level 2.0 Short Blades
 + Level 2.0 Long Blades
 + Level 2.0 Axes
 + Level 2.0 Maces & Flails
 + Level 2.0 Polearms
 + Level 2.0 Staves
 + Level 2.0 Ranged Weapons
 + Level 2.0 Throwing
 + Level 2.0 Armour
 + Level 5.0 Dodging
 + Level 4.6 Stealth
 + Level 2.0 Shields
 + Level 2.0 Unarmed Combat
 + Level 5.4 Spellcasting
 + Level 1.5 Conjurations
 + Level 1.5 Hexes
 + Level 1.5 Summonings
 + Level 1.5 Necromancy
 + Level 1.5 Translocations
 + Level 1.5 Transmutations
 + Level 1.5 Fire Magic
 + Level 7.3 Ice Magic
 + Level 1.5 Air Magic
 + Level 1.5 Earth Magic
 + Level 1.5 Poison Magic
 + Level 2.2 Invocations
 + Level 2.0 Evocations


You had 8 spell levels left.
You knew the following spells:

 Your Spells              Type           Power      Damage    Failure   Level
a - Freeze                Ice            100%       1d10      1%          1
b - Frozen Ramparts       Ice            54%        1d9       2%          3
c - Ozocubu's Armour      Ice            27%        N/A       2%          3

Your spell library contained the following spells:

 Spells                   Type           Power      Damage    Failure   Level
 Apportation              Tloc           18%        N/A       8%          1
 Necrotise                Necr           36%        1d5       8%          1
 Summon Small Mammal      Summ           36%        N/A       8%          1
 Summon Ice Beast         Ice/Summ       18%        N/A       24%         4
 Blade Hands              Tmut           4%         N/A       91%         5
 Irradiate                Conj/Tmut      4%         3d13      91%         5
 Ozocubu's Refrigeration  Ice            13%        4d10      99%         7
 Dragon Form              Tmut           4%         N/A       100%        7


Dungeon Overview and Level Annotations

Branches:
Dungeon (3/15)              Sewer (1/1)

Altars:
Cheibriados
Qazlal


Innate Abilities, Weirdness & Mutations

You have very sharp teeth.
Your uncanny sense of smell can sniff out nearby items.
Your experience applies equally to all skills.


Message History

You feel very sick.
The wall freezes the kobold brigand.
The kobold brigand hits you with a +0 short sword!
The wall freezes the kobold.
You kill the kobold!
The wall freezes the kobold brigand!
The kobold brigand completely misses you.
You are too injured to fight recklessly!
You are too injured to fight recklessly!
You hit the kobold brigand but do no damage.
The kobold brigand is moderately wounded.
You feel sick.
The wall freezes the kobold brigand.
The kobold brigand misses you.
You closely miss the kobold brigand.
The kobold brigand is moderately wounded.
The frozen ramparts melt away.
You feel sick. The kobold brigand closely misses you.
You hit the kobold brigand.
The kobold brigand is heavily wounded.
You feel sick. The kobold brigand barely misses you.
The kobold brigand hits you with a +0 short sword.
Casting: Frozen Ramparts (dangerous; 2% risk of failure)
Confirm with . or Enter, or press ? or * to list all spells.
Casting: Frozen Ramparts (dangerous; 2% risk of failure)
Press: ? - help, Dir - look around, f - activate An open door, spattered with blood.
The walls around you are covered in ice.
You feel sick.
The wall freezes the kobold brigand.
The kobold brigand hits you with a +0 short sword.
* * * LOW HITPOINT WARNING * * *
You closely miss the kobold brigand.
The kobold brigand is heavily wounded.
You feel sick.
You are no longer poisoned.
The wall freezes the kobold brigand.
The kobold brigand hits you with a +0 short sword.
* * * LOW HITPOINT WARNING * * *
The wall freezes the kobold brigand.
The kobold brigand hits you with a +0 short sword.
You die...

~~J≈≈≈≈≈≈≈
~≈~≈~≈≈≈≈≈≈≈≈≈≈≈#≈
~≈≈≈≈≈≈≈≈≈≈≈≈≈≈≈≈
~~≈≈≈≈≈≈≈≈≈≈≈≈≈≈#
.~..~~≈≈≈≈≈≈≈≈≈≈#### ##≈
.....~~~≈~~≈~~≈≈#..#.)#≈
........~~~.....#)....#≈
................@K...#
................#)....#≈
#..†............#..#.?#≈
###.†....###..###### ##≈
#####...## #### ∩# #####
##


You could see a kobold brigand and an endoplasm.

Vanquished Creatures
  Sigmund (D:3)
  2 river rats (Sewer)
  5 adders
  2 worms
  A dart slug (D:1)
  4 endoplasms
  A giant cockroach (D:2)
  3 goblins
  6 hobgoblins
  8 jackals
  5 kobolds
  5 quokkas
  4 ball pythons
  6 bats
  3 frilled lizards
  6 rats
62 creatures vanquished.

Vanquished Creatures (others)
  A plant (D:2)
1 creature vanquished.

Grand Total: 63 creatures vanquished

Notes
Turn   | Place    | Note
-------+----------+-------------------------------------------
     0 | D:1      | Crownlay the Gnoll Ice Elementalist began the quest for the
                  | Orb.
     0 | D:1      | Reached XP level 1. HP: 13/13 MP: 6/6
   116 | D:1      | Reached XP level 2. HP: 13/19 MP: 3/7
   445 | D:1      | Reached skill level 5 in Spellcasting
   445 | D:1      | Reached XP level 3. HP: 25/25 MP: 5/9
   518 | D:1      | You fall into a shaft and drop 1 floor!
   698 | D:2      | Reached skill level 1 in Invocations
   708 | D:2      | Learned a level 3 spell: Frozen Ramparts
   712 | D:2      | Learned a level 3 spell: Ozocubu's Armour
   907 | D:2      | Reached skill level 1 in Fighting
   907 | D:2      | Reached skill level 1 in Short Blades
   907 | D:2      | Reached skill level 1 in Long Blades
   907 | D:2      | Reached skill level 1 in Axes
   907 | D:2      | Reached skill level 1 in Maces & Flails
   907 | D:2      | Reached skill level 1 in Polearms
   907 | D:2      | Reached skill level 1 in Staves
   907 | D:2      | Reached skill level 1 in Ranged Weapons
   907 | D:2      | Reached skill level 1 in Throwing
   907 | D:2      | Reached skill level 1 in Armour
   907 | D:2      | Reached skill level 1 in Shields
   907 | D:2      | Reached skill level 1 in Unarmed Combat
   907 | D:2      | Reached skill level 1 in Evocations
  1002 | D:2      | Reached XP level 4. HP: 18/32 MP: 7/11
  1754 | D:3      | Found a faded altar of an unknown god.
  1757 | D:3      | Found a snail-covered altar of Cheibriados.
  1760 | D:3      | Reached skill level 1 in Conjurations
  1760 | D:3      | Reached skill level 1 in Hexes
  1760 | D:3      | Reached skill level 1 in Summonings
  1760 | D:3      | Reached skill level 1 in Necromancy
  1760 | D:3      | Reached skill level 1 in Translocations
  1760 | D:3      | Reached skill level 1 in Transmutations
  1760 | D:3      | Reached skill level 1 in Fire Magic
  1760 | D:3      | Reached skill level 1 in Air Magic
  1760 | D:3      | Reached skill level 1 in Earth Magic
  1760 | D:3      | Reached skill level 1 in Poison Magic
  1948 | D:3      | Found a stormy altar of Qazlal.
  1949 | D:3      | Noticed Sigmund
  1950 | D:3      | Noticed an earth elemental
  1951 | D:3      | Noticed a water elemental
  1951 | D:3      | Noticed an air elemental
  1951 | D:3      | Noticed a fire elemental
  1985 | D:3      | Killed Sigmund
  1986 | D:3      | Reached skill level 5 in Dodging
  1986 | D:3      | Reached XP level 5. HP: 10/38 MP: 5/12
  1986 | D:3      | Reached XP level 6. HP: 11/44 MP: 5/14
  2145 | D:3      | Found a glowing drain.
  2157 | Sewer    | Entered a sewer
  2267 | Sewer    | Slain by a kobold brigand

Illustrated notes

Levels and vault maps discovered:
D:1:      mrwooster_arrival_statue_2, layout_loops_cross
D:2:      layout_rooms, serial_bayou_pond_d, nrook_mini_backslash
D:3:      layout_loops_corners, evilmike_ruin_ashenzari,
          nicolae_overflow_ecumenical_swirl, nicolae_qazlal_style_of_elements,
          portal_sewer_entry_d, uniq_sigmund
Sewer:    sewer_minmay_treatment

Skill      XL: |  1  2  3  4  5  6 |
---------------+-------------------+-----
Spellcasting   | 5 |  5.4
Invocations    | 1 2 |  2.2
Fighting       | 1 2 |  2.0
Short Blades   | 1 2 |  2.0
Long Blades    | 1 2 |  2.0
Axes           | 1 2 |  2.0
Maces & Flails | 1 2 |  2.0
Polearms       | 1 2 |  2.0
Staves         | 1 2 |  2.0
Ranged Weapons | 1 2 |  2.0
Throwing       | 1 2 |  2.0
Armour         | 1 2 |  2.0
Shields        | 1 2 |  2.0
Unarmed Combat | 1 2 |  2.0
Evocations     | 1 2 |  2.0
Conjurations   | 1 |  1.5
Hexes          | 1 |  1.5
Summonings     | 1 |  1.5
Necromancy     | 1 |  1.5
Translocations | 1 |  1.5
Transmutations | 1 |  1.5
Fire Magic     | 1 |  1.5
Air Magic      | 1 |  1.5
Earth Magic    | 1 |  1.5
Poison Magic   | 1 |  1.5
Dodging        | 5 |  5.0
Stealth        | |  4.6
Ice Magic      | |  7.3

Action                     |  1- 3 |  4- 6 || total
---------------------------+-------+-------++-------
  Melee: Short sword       |    30 |    22 ||    52
         Bite              |     5 |     2 ||     7
   Cast: Freeze            |    39 |    24 ||    63
         Frozen Ramparts   |     3 |     9 ||    12
         Ozocubu's Armour  |     1 |     3 ||     4
    Use: Potion            |       |     1 ||     1
 Armour: Robe              |    15 |     5 ||    20
  Dodge: Dodged            |    43 |    20 ||    63

Table legend: (Time is in decaauts)
 A = Elapsed time spent in this place.
 B = Non-inter-level travel time spent in this place.
 C = Inter-level travel time spent in this place.
 D = Time resting spent in this place.
 E = Time spent auto-exploring this place.
 F = Levels seen in this place.
 G = Mean time per level.
                   A        B        C        D        E       F      G
               +--------+--------+--------+--------+--------+-----+--------+
         Total |   2270 |   2218 |     52 |      0 |   1655 |   4 |  567.5 |
       Dungeon |   2159 |   2107 |     52 |      0 |   1575 |   3 |  719.7 |
         Sewer |    111 |    111 |      0 |      0 |     80 |   1 |  111.0 |
               +--------+--------+--------+--------+--------+-----+--------+

Top non-repeatable levels by time:
     D:1: 961 daAuts
     D:2: 717 daAuts
     D:3: 479 daAuts
   Sewer: 111 daAuts
